 Dungeon Crawl Stone Soup version 0.29-a0-410-g9596d59a08 (webtiles) character file.

Game seed: 18371270978980461553

29505 Bruhh the Severer (level 13, 0/126 HPs)
             Began as a Hill Orc Fighter on May 14, 2022.
             Was a Follower of Yredelemnul.
             Slain by a boulder beetle (35 damage)
             ... on level 6 of the Lair of Beasts.
             The game lasted 00:27:00 (17913 turns).

Bruhh the Severer (Hill Orc Fighter)               Turns: 17913, Time: 00:27:01

Health: 0/126      AC: 16    Str: 30    XL:     13   Next: 45%
Magic:  20/20      EV:  8    Int: 14    God:    Yredelemnul [*.....]
Gold:   777        SH:  0    Dex: 10    Spells: 12/12 levels left

rFire   . . .      SeeInvis .   d - +3 battleaxe (freeze)
rCold   . . .      Faith    .   (shield currently unavailable)
rNeg    . . .      Spirit   .   x - +0 plate armour
rPois   .          Reflect  .   H - +2 hat {Stlth+}
rElec   .          Harm     .   (no cloak)
rCorr   .          Rampage  .   (no gloves)
Will    .....                   (no boots)
Stlth   ..........              (no amulet)
HPRegen 0.31/turn               g - +6 ring of intelligence
MPRegen 0.17/turn               K - +6 ring of strength

@: no status effects
A: no striking features
a: Renounce Religion, Recall Undead Harvest


You were on level 6 of the Lair of Beasts.
You worshipped Yredelemnul.
Yredelemnul was aware of your devotion.
You visited 2 branches of the dungeon, and saw 15 of its levels.

You collected 777 gold pieces.

Inventory:

Hand Weapons
 a - a +0 war axe
 d - a +3 battleaxe of freezing (weapon)
Missiles
 w - 2 throwing nets (quivered)
Armour
 b - a +0 scale mail
 c - a +0 buckler
 x - a +0 plate armour (worn)
 H - a +2 hat of stealth (worn)
Jewellery
 g - a +6 ring of intelligence (left hand)
 K - a +6 ring of strength (right hand)
Wands
 y - a wand of acid (5)
 C - a wand of flame (8)
 F - a wand of paralysis (10)
 J - a wand of mindburst (1)
 M - a wand of iceblast (11)
Scrolls
 e - 4 scrolls of poison
 f - a scroll of fog
 h - 2 scrolls of immolation
 k - 11 scrolls of identify {unknown}
 n - 3 scrolls of fear {unknown}
 o - 3 scrolls of enchant armour {unknown}
 p - 10 scrolls of teleportation {unknown}
 q - 3 scrolls of enchant weapon {unknown}
 r - 2 scrolls of blinking {unknown}
 s - 2 scrolls of amnesia {unknown}
 u - 2 scrolls of torment {unknown}
 z - a scroll of noise {unknown}
 A - a scroll of brand weapon {unknown}
 B - a scroll of acquirement {unknown}
 L - a scroll of magic mapping {unknown}
Potions
 i - 3 potions of mutation {unknown}
 j - 2 potions of berserk rage {unknown}
 l - 3 potions of resistance {unknown}
 m - a potion of flight
 t - 2 potions of heal wounds
 v - 3 potions of degeneration
 D - 5 potions of brilliance {unknown}
 E - a potion of cancellation {unknown}
 G - 2 potions of magic {unknown}
 I - 2 potions of curing


   Skills:
 - Level 15.0 Fighting
 + Level 15.2 Axes
 - Level 10.0 Armour
 - Level 3.2 Shields
 - Level 10.0 Invocations
 - Level 10.0 Evocations


You had 12 spell levels left.
You didn't know any spells.
Your spell library contained the following spells:

 Spells                   Type           Power      Damage    Failure   Level
 Beastly Appendage        Tmut           0%         N/A       90%         1
 Static Discharge         Conj/Air       0%         N/A       97%         2
 Wereblood                Tmut           0%         N/A       97%         2
 Dazzling Flash           Conj/Hex       0%         N/A       99%         3
 Ozocubu's Armour         Ice            0%         N/A       99%         3
 Spider Form              Tmut/Pois      0%         N/A       99%         3
 Dispel Undead            Necr           0%         3d6       100%        4
 Iskenderun's Mystic Bla  Conj/Tloc      0%         2d3       100%        4
 Sticky Flame             Conj/Fire      0%         2d3       100%        4
 Starburst                Conj/Fire      0%         6d3       100%        6
 Ozocubu's Refrigeration  Ice            0%         4d5       100%        7


Dungeon Overview and Level Annotations

Branches:
Dungeon (10/15)            Temple (0/1) D:6            Lair (6/6) D:9
  Swamp (0/4) Lair:3       Spider (0/4) Lair:4
  Slime: Lair:5-6       Orc: D:9-12

Altars:
Ashenzari
Dithmenos
Fedhas
Gozag
Hepliaklqana
Kikubaaqudgha
Makhleb
Okawaru
Qazlal
Wu Jian
Xom
Yredelemnul

Shops:
D:1 *   D:2 ?

Annotations:
Lair:2 1 runed translucent door, nubinia's ghost, journeyman GrFE
Lair:3 1 runed translucent door, peepee's ghost, journeyman DsNe


Message History

You hit the death yak. You freeze the death yak.
A black mist starts to gather...
The death yak gores you!
The boulder beetle curls into a ball and begins rolling!
You slice the death yak!! You freeze the death yak.
The death yak is heavily wounded.
You slice the death yak!! You freeze the death yak!
A dream sheep comes into view.
The death yak barely misses you. x2
You slash the death yak! You freeze the death yak.
The death yak is heavily wounded.
You slice the death yak!! You freeze the death yak!
Your death yak zombie gores the death yak.
The death yak completely misses you. The death yak gores you!
Unknown command.
You are too injured to fight recklessly!
The air fills with toxic fumes!
As you read the scroll labelled QEX SUNLOCVULO, it crumbles to dust.
It was a scroll of poison.
The death yak gores you! The death yak barely misses you.
Your death yak zombie gores the death yak.
The boulder beetle is engulfed in poison gas.
The boulder beetle is poisoned.
As you read the scroll labelled UTSEQI KUNA, it crumbles to dust.
The scroll dissolves into smoke.
It was a scroll of fog.
The komodo dragon is engulfed in poison gas.
The komodo dragon is poisoned.
The komodo dragon bites you but does no damage.
The dream sheep is engulfed in poison gas.
The dream sheep is poisoned.
The dream sheep ruffles its wool and motes of dream dust sparkle, to no effect.
The boulder beetle is engulfed in poison gas.
The boulder beetle looks even sicker.
The death yak gores your death yak zombie!!
The death yak gores you!
* * * LOW HITPOINT WARNING * * *
Your death yak zombie gores the death yak but does no damage.
The boulder beetle is engulfed in poison gas.
The boulder beetle looks even sicker.
The boulder beetle hits you!!
You die...
Your body rises from the dead as a mindless zombie.

#§§§§§§ #.#
§§§§§####§.#
##§§§§#P#§.P§ .
#§§§§§§§§.§§§ ..
#§§§§§§§°§§§§
.§§#§§§§Z§§§§§§§
§.Y§§§§BY§§§§§§
#§.l@Y§§§§§§
#§§§§#§#§§§P
##§§§§# §# #
#P§§§§# §§
....§§§§§§§§...§§
...§§§§§§§§§....§#
...§§§§§§§§#.... §
...§§#§§§§§##P+.
...$.#.....# #..


You could see 2 death yaks, a boulder beetle (rolling, very poisoned), a komodo
dragon (poisoned), a dream sheep (poisoned) and a friendly death yak zombie.

Vanquished Creatures
  Gastronok (Lair:3)
  Josephine (Lair:4)
  A boulder beetle (Lair:4)
  2 hydras
  A death yak (Lair:6)
  2 two-headed ogres
  Amaemon (Lair:2)
  3 black mambas
  An orange demon (Lair:2)
  3 cane toads
  5 komodo dragons
  A hornet (D:9)
  10 blink frogs
  3 dream sheep (Lair:3)
  A jumping spider (Lair:4)
  5 wraiths
  4 wyverns
  21 yaks
  3 steam dragons
  An acid dragon (D:9)
  7 water moccasins
  A sky beast (D:7)
  2 orc warriors
  A black bear (Lair:4)
  2 ice beasts (D:6)
  3 centaurs
  13 wolves
  A phantom (D:6)
  An elf zombie (D:6)
  7 bullfrogs
  3 kobold brigands
  2 necrophages
  3 scorpions
  5 wights
  4 killer bees (D:8)
  2 howler monkeys
  2 electric eels (D:7)
  3 hounds
  A human zombie (D:6)
  A jelly (D:6)
  4 orc priests
  2 gnoll shamans
  2 iguanas (D:7)
  8 orc wizards
  4 adders
  6 gnolls
  A river rat (D:3)
  A shadow imp (D:6)
  An ufetubus (D:6)
  2 worms
  2 dart slugs
  20 orcs
  7 ball pythons
  7 endoplasms
  7 giant cockroaches
  8 goblins
  6 hobgoblins
  3 jackals (D:3)
  4 quokkas
  3 bats
  A frilled lizard (D:1)
  15 kobolds
  2 orc skeletons (D:6)
  6 rats
256 creatures vanquished.

Vanquished Creatures (collateral kills)
  A boulder beetle (Lair:5)
  A two-headed ogre (D:7)
  A black mamba (Lair:5)
  A torpor snail (Lair:3)
  A cane toad (Lair:1)
  A dream sheep (Lair:3)
  13 blink frogs
  A wraith (Lair:3)
  11 yaks
  A basilisk (Lair:5)
  A water moccasin (Lair:1)
  An orc warrior (D:10)
  A black bear (Lair:3)
  2 wolves (Lair:3)
  A centaur (D:6)
  A bullfrog (Lair:1)
  An elf skeleton (D:6)
  A scorpion (D:7)
  3 wights
  7 electric eels
  2 lava snakes (Lair:1)
  An iguana (D:6)
  4 gnolls
  A white imp (D:7)
  5 orcs
  3 kobolds
  A ball python (D:3)
  2 rats (D:3)
70 creatures vanquished.

Vanquished Creatures (others)
  A blink frog (Lair:3)
  A black mamba zombie (Lair:2)
  A two-headed ogre zombie (D:9)
  A human zombie (Lair:4)
  2 cane toad zombies
  2 blink frog zombies (Lair:1)
  3 water moccasin zombies
  2 yak zombies (D:10)
  A lava snake (Lair:1)
  6 wolf zombies
  3 bullfrog zombies
  A centaur zombie (D:9)
  A sky beast zombie (D:7)
  A hound zombie (D:6)
  A spectral jelly (D:6)
  A howler monkey zombie (D:10)
  2 adder zombies
  A lava snake zombie (Lair:1)
  A spectral shadow imp (D:6)
  4 gnoll zombies
  A giant cockroach zombie (D:3)
  A goblin zombie (D:3)
  A hobgoblin zombie (D:3)
  A jackal zombie (D:3)
  5 kobold zombies
  7 orc zombies
  44 fungi
  25 plants
121 creatures vanquished.

Grand Total: 447 creatures vanquished

Notes
Turn   | Place    | Note
-------+----------+-------------------------------------------
     0 | D:1      | Bruhh the Hill Orc Fighter began the quest for the Orb.
     0 | D:1      | Reached XP level 1. HP: 19/19 MP: 1/1
   252 | D:1      | Reached XP level 2. HP: 22/26 MP: 2/2
   379 | D:1      | Found Hugiar's Assorted Antiques.
   948 | D:2      | Reached XP level 3. HP: 30/31 MP: 3/3
  1212 | D:2      | Reached skill level 5 in Axes
  1688 | D:2      | Found Cagoligi's Magic Scroll Shoppe.
  1732 | D:2      | Found a faded altar of an unknown god.
  1743 | D:2      | Prayed at the altar of an unknown god.
  1743 | D:2      | Became a worshipper of Yredelemnul the Dark
  1743 | D:2      | Reached * piety under Yredelemnul
  2308 | D:2      | Reached XP level 4. HP: 31/39 MP: 4/4
  2493 | D:3      | Noticed a scorpion
  2499 | D:3      | Killed a scorpion
  2548 | D:3      | Reached XP level 5. HP: 44/45 MP: 5/5
  2869 | D:3      | Identified the +5 spear of Unpleasantness {protect, rF-
                  | Dex+4}
  3347 | D:4      | You fall into a shaft and drop 2 floors!
  3396 | D:6      | Reached XP level 6. HP: 38/51 MP: 6/6
  3409 | D:6      | Noticed an ice beast
  3421 | D:6      | Killed an ice beast
  3424 | D:6      | Reached XP level 7. HP: 18/57 MP: 7/7
  3731 | D:6      | Reached skill level 10 in Axes
  3830 | D:6      | Reached ** piety under Yredelemnul
  3856 | D:6      | Reached skill level 5 in Fighting
  4315 | D:6      | Reached XP level 8. HP: 56/73 MP: 8/8
  4592 | D:6      | Found a burning altar of Makhleb.
  4618 | D:6      | Reached *** piety under Yredelemnul
  4736 | D:6      | Found a staircase to the Ecumenical Temple.
  5096 | D:7      | Found a stormy altar of Qazlal.
  5170 | D:7      | Found an ornate altar of the Wu Jian Council.
  5409 | D:7      | Found a broken altar of Ashenzari.
  5475 | D:7      | Reached skill level 10 in Fighting
  5797 | D:7      | Reached XP level 9. HP: 80/85 MP: 9/9
  5805 | D:7      | Reached skill level 5 in Armour
  6327 | D:7      | Noticed a two-headed ogre
  6332 | D:7      | Killed a two-headed ogre
  7351 | D:8      | Found an iron altar of Okawaru.
  7412 | D:8      | Found an ancient bone altar of Kikubaaqudgha.
  7412 | D:8      | Found a blossoming altar of Fedhas.
  7552 | D:8      | Reached skill level 10 in Armour
  7553 | D:8      | Reached XP level 10. HP: 79/93 MP: 9/11
  7825 | D:9      | Found a hazy altar of Hepliaklqana.
  7889 | D:9      | Identified the +5 war axe of the Final Decision {freeze,
                  | Will+ Int+2}
  7895 | D:9      | Found a staircase to the Lair.
  8101 | D:9      | Noticed a two-headed ogre
  8106 | D:9      | Killed a two-headed ogre
  8107 | D:9      | Reached skill level 5 in Invocations
  8340 | D:9      | Paralysed by a hornet for 3 turns
  9255 | D:10     | Entered Level 10 of the Dungeon
  9330 | D:10     | Found an opulent altar of Gozag.
  9928 | D:10     | Found a shadowy altar of Dithmenos.
  9985 | D:10     | Noticed a two-headed ogre
 10004 | D:10     | Killed a two-headed ogre
 10005 | D:10     | Reached skill level 10 in Invocations
 10005 | D:10     | Reached XP level 11. HP: 35/101 MP: 14/18
 10422 | D:10     | Reached skill level 1 in Evocations
 10782 | Lair:1   | Entered Level 1 of the Lair of Beasts
 11370 | Lair:1   | Reached **** piety under Yredelemnul
 11409 | Lair:1   | Reached skill level 5 in Evocations
 12857 | Lair:2   | Noticed a five-headed hydra
 12869 | Lair:2   | Killed a seven-headed hydra
 12870 | Lair:2   | Reached XP level 12. HP: 80/113 MP: 19/19
 13328 | Lair:2   | Found a runed translucent door.
 13328 | Lair:2   | Found a shimmering altar of Xom.
 13328 | Lair:2   | Noticed nubinia's ghost (journeyman GrFE)
 13456 | Lair:2   | Noticed Amaemon
 13462 | Lair:2   | Killed Amaemon
 14175 | Lair:3   | Reached ***** piety under Yredelemnul
 14217 | Lair:3   | Noticed Gastronok
 14226 | Lair:3   | Killed Gastronok
 14282 | Lair:3   | Found a staircase to the Swamp.
 14521 | Lair:3   | Found a runed translucent door.
 14522 | Lair:3   | Noticed peepee's ghost (journeyman DsNe)
 14522 | Lair:3   | Noticed a seven-headed hydra
 14955 | Lair:4   | Noticed Josephine
 14955 | Lair:4   | Noticed a four-headed hydra
 15160 | Lair:4   | Killed a five-headed hydra
 15179 | Lair:4   | Killed Josephine
 15184 | Lair:4   | Your ally Josephine died
 15561 | Lair:4   | Reached skill level 15 in Fighting
 15593 | Lair:4   | Found a hole to the Spider Nest.
 15715 | Lair:4   | Reached skill level 10 in Evocations
 15715 | Lair:4   | Reached XP level 13. HP: 96/126 MP: 20/20
 16358 | Lair:4   | Reached ****** piety under Yredelemnul
 17343 | Lair:5   | Reached skill level 15 in Axes
 17902 | Lair:6   | Entered Level 6 of the Lair of Beasts
 17913 | Lair:6   | Slain by a boulder beetle

Illustrated notes

Levels and vault maps discovered:
D:1:      lightli_arrival_windingriver, layout_basic, serial_shops,
          nicolae_shop_stone, minmay_crystal_water
D:2:      layout_basic, hellmonk_ecumenical_altar_slurped_away, serial_shops,
          nicolae_shop_stone
D:3:      layout_loops_cross, portal_sewer_entry_e, st_stairs_11
D:4:      layout_basic, nemelex_altar_shiori
D:6:      layout_loops_cross, general_overflow_altar,
          minmay_temple_entry_poolview, nicolae_ossuary_entry_catacombs,
          minmay_circle_x
D:7:      layout_basic, cheibrodos_ashenzari_chains,
          mainiacjoe_overflow_catch_the_wave, minmay_misc_feat_rows
D:8:      layout_rooms, grunt_temple_overflow_growth_and_decay,
          mainiacjoe_overflow_brackets
D:9:      layout_roguey, kennysheep_mini_moat, lair_entry_dummy
D:10:     layout_roguey, mainiacjoe_overflow_alcove_4,
          nicolae_gozag_seed_capital
Lair:1:   layout_cave_pods, nicolae_lair_liquid_snakes
Lair:2:   layout_layer_cave, ebering_ghost_xom, dreamdust_mushroom_princess,
          uniq_amaemon
Lair:3:   layout_chaotic_city, minmay_swamp_entry_eels,
          lightli_volcano_entry_magma_tube, ebering_ghost_inner_flame,
          serial_bayou_pond_a, grunt_megastairs_2, lemuel_fruit_tree,
          uniq_gastronok
Lair:4:   layout_loops_ring, spider_nest_entry_a, uniq_josephine
Lair:5:   layout_loops_ring
Lair:6:   minmay_lair_end_enchanted_forest, layout_regular_city,
          dpeg_slime_entry_enclosed_altar, columned_hall_lemuel

Skill      XL: |  1  2  3  4  5  6  7  8  9 10 11 12 13 |
---------------+----------------------------------------+-----
Axes           | 3 4 5 6 8 9 10 12 15 | 15.2
Fighting       | 7 10 12 15 | 15.0
Armour         | 4 10 | 10.0
Invocations    | 2 10 | 10.0
Evocations     | 6 10 | 10.0
Shields        | |  3.2

Action                   |  1- 3 |  4- 6 |  7- 9 | 10-12 | 13-15 || total
-------------------------+-------+-------+-------+-------+-------++-------
Melee: War axe           |   122 |    93 |   173 |       |       ||   388
       Battleaxe         |       |       |    57 |   283 |    66 ||   406
Invok: Dark Bargain      |       |       |     2 |     5 |     3 ||    10
       Drain Life        |       |       |       |       |     1 ||     1
Evoke: Wand              |       |       |       |     5 |     2 ||     7
  Use: Potion            |       |     2 |     5 |     6 |     1 ||    14
       Scroll            |       |       |       |       |     2 ||     2
 Stab: Distracted        |       |     1 |     1 |     5 |     1 ||     8
Armor: Scale mail        |    41 |    38 |    34 |       |       ||   113
       Plate armour      |       |       |   109 |   202 |    28 ||   339
Dodge: Dodged            |    51 |    46 |    91 |   145 |    27 ||   360
Block: Buckler           |    23 |    18 |    30 |       |       ||    71

Table legend: (Time is in decaauts)
 A = Elapsed time spent in this place.
 B = Non-inter-level travel time spent in this place.
 C = Inter-level travel time spent in this place.
 D = Time resting spent in this place.
 E = Time spent auto-exploring this place.
 F = Levels seen in this place.
 G = Mean time per level.
                   A        B        C        D        E       F      G
               +--------+--------+--------+--------+--------+-----+--------+
         Total |  18113 |  17568 |    545 |    708 |  14796 |  15 | 1207.5 |
       Dungeon |  10898 |  10551 |    347 |    300 |   8792 |   9 | 1210.9 |
          Lair |   7214 |   7017 |    197 |    408 |   6004 |   6 | 1202.3 |
               +--------+--------+--------+--------+--------+-----+--------+

Top non-repeatable levels by time:
  Lair:4: 1843 daAuts
  Lair:2: 1794 daAuts
     D:6: 1719 daAuts
     D:9: 1598 daAuts
     D:2: 1564 daAuts
     D:7: 1456 daAuts
    D:10: 1425 daAuts
  Lair:1: 1373 daAuts
     D:8: 1298 daAuts
  Lair:3: 1191 daAuts
  Lair:5: 1002 daAuts
     D:1: 966 daAuts
     D:3: 868 daAuts
  Lair:6: 10 daAuts
     D:4: 0 daAuts
